 Dungeon Crawl Stone Soup version 0.30-a0-385-gfebfb9b408 (webtiles) character file.

Game seed: 11309270134437423169

170 qeuew the Gusty (level 5, -6/38 HPs)
             Began as a Demigod Air Elementalist on Dec 3, 2022.
             Mangled by Edmund
             ... wielding a +2 dire flail of protection
              (11 damage)
             ... on level 4 of the Dungeon.
             The game lasted 00:04:20 (3325 turns).

qeuew the Gusty (Demigod Air Elementalist)          Turns: 3325, Time: 00:04:20

Health: -6/38      AC:  5    Str: 13    XL:     5   Next: 5%
Magic:  19/20      EV: 11    Int: 17    God:
Gold:   167        SH:  0    Dex: 14    Spells: 1/8 levels left

rFire   . . .      SeeInvis .    l - +0 battleaxe (vorpal)
rCold   . . .      Faith    .    (shield currently unavailable)
rNeg    . . .      Spirit   .    d - +0 ring mail
rPois   +          Reflect  .    (no helmet)
rElec   .          Harm     .    (no cloak)
rCorr   .          Rampage  .    (no gloves)
Will    .....                    (no boots)
Stlth   +.........               n - amulet of magic regeneration
HPRegen 0.26/turn                q - ring of magical power
MPRegen 0.57/turn                k - ring of poison resistance

@: mighty
A: high MP 1, forlorn, divine attributes
a: no special abilities


You were on level 4 of the Dungeon.
You visited 1 branch of the dungeon, and saw 4 of its levels.

You collected 167 gold pieces.

Inventory:

Hand Weapons
 l - a +0 vorpal battleaxe (weapon)
Armour
 d - a +0 ring mail (worn)
Jewellery
 c - a ring of protection from fire
 k - a ring of poison resistance (right hand)
 n - an amulet of magic regeneration (around neck)
 q - a ring of magical power (left hand)
Scrolls
 e - 2 scrolls of identify
 f - 3 scrolls of teleportation
 g - 2 scrolls of enchant armour {unknown}
 h - a scroll of enchant weapon {unknown}
 i - a scroll of butterflies {unknown}
Potions
 a - a potion of cancellation
 b - a potion of magic
 j - a potion of might
 s - 2 potions of curing


   Skills:
 - Level 0.1 Short Blades
 + Level 1.3 Axes
 + Level 1.5 Armour
 + Level 2.5 Dodging
 - Level 1.7 Stealth
 * Level 2.4 Spellcasting
 + Level 2.0 Conjurations
 * Level 3.3 Air Magic


You had one spell level left.
You knew the following spells:

 Your Spells              Type           Power      Damage    Failure   Level
a - Shock                 Conj/Air       44%        1d5       13%         1
b - Static Discharge      Conj/Air       22%        2-3/arc   21%         2
c - Airstrike             Air            6%         2d(1-17)  69%         4

Your spell library contained the following spells:

 Spells                   Type           Power      Damage    Failure   Level
 Swiftness                Air            13%        N/A       30%         3
 Kindle Blastsparks       Fire/Tloc/Air  10%        2d10      58%         3
 Ignite Poison            Fire/Tmut/Pois 2%         N/A       75%         3
 Tukima's Dance           Hex            2%         N/A       75%         3
 Passage of Golubria      Tloc           2%         N/A       98%         4
 Freezing Cloud           Conj/Ice/Air   4%         6-21      99%         5
 Yara's Violent Unravell  Hex/Tmut       1%         3d3       100%        5


Dungeon Overview and Level Annotations

Branches:
Dungeon (4/15)
 Temple: D:4-7

Shops:
D:1 *

Annotations:
D:4 Edmund


Innate Abilities, Weirdness & Mutations

You have an increased reservoir of magic. (+10% MP)
You shall have no god before yourself.
Your divine heritage dramatically boosts your attributes as you level up.


Message History

The zap hits the ball python.
The ball python is heavily wounded.
The zap hits the ball python.
The ball python is heavily wounded.
The zap hits the ball python.
You kill the ball python!
You can't see any susceptible monsters within range! (Use Z to cast anyway.)
You can't see any susceptible monsters within range! (Use Z to cast anyway.)
Your magical contamination has completely faded away.
A hobgoblin comes into view.
The zap hits the hobgoblin.
You kill the hobgoblin!
i - a scroll labelled MULUESUTZI You can't see any susceptible monsters within range! (Use Z to cast anyway.)
You can't see any susceptible monsters within range! (Use Z to cast anyway.) Edmund the Younger comes into view.
He is wielding a +2 dire flail of protection.
The zap hits Edmund but does no damage.
Edmund shouts!
The zap hits Edmund but does no damage.
The zap hits Edmund.
Edmund is lightly wounded.
Edmund is nearby!
The zap hits Edmund but does no damage.
Edmund is lightly wounded.
The zap hits Edmund but does no damage.
Edmund is lightly wounded.
The zap hits Edmund.
Edmund is lightly wounded.
The zap hits Edmund.
Edmund is lightly wounded.
Edmund hits you with a +2 dire flail of protection!
You barely miss Edmund.
Edmund is lightly wounded.
Edmund hits you with a +2 dire flail of protection! x2
* * * LOW HITPOINT WARNING * * *
You are too injured to fight recklessly!
You are too injured to fight recklessly!
You feel very mighty all of a sudden.
Edmund hits you with a +2 dire flail of protection!
You die...

#..####.#####.
..≈≈..
.†............
#.≈...
#######.###...
#...≈. ..#######.#
#.## #..≈≈.
..........# #...
#.... ..........#
###. ...
########.## #.
###.##.##########.#
##
..?....@@.........#
######.############
#. #. #. #. #. #.


You could see Edmund.

Vanquished Creatures
  An iguana (D:4)
  6 adders
  4 worms
  4 dart slugs
  An orc (D:3)
  7 ball pythons
  7 endoplasms
  4 giant cockroaches
  5 goblins
  5 hobgoblins
  2 jackals (D:2)
  2 quokkas
  6 bats
  4 frilled lizards
  7 kobolds
  4 rats
69 creatures vanquished.

Vanquished Creatures (others)
  A fungus (D:2)
  13 plants (D:2)
14 creatures vanquished.

Grand Total: 83 creatures vanquished

Notes
Turn   | Place    | Note
-------+----------+-------------------------------------------
     0 | D:1      | qeuew the Demigod Air Elementalist began the quest for the
                  | Orb.
     0 | D:1      | Reached XP level 1. HP: 14/14 MP: 5/5
    94 | D:1      | Reached skill level 1 in Conjurations
   127 | D:1      | Found Eweeri's General Store.
   299 | D:1      | Reached XP level 2. HP: 20/20 MP: 2/7
   887 | D:1      | Learned a level 2 spell: Static Discharge
  1154 | D:2      | Reached skill level 1 in Armour
  1154 | D:2      | Reached XP level 3. HP: 16/26 MP: 4/8
  1290 | D:2      | Reached skill level 3 in Air Magic
  1866 | D:2      | Reached XP level 4. HP: 32/33 MP: 10/10
  2410 | D:3      | Reached skill level 1 in Axes
  3059 | D:3      | Learned a level 4 spell: Airstrike
  3208 | D:4      | Reached XP level 5. HP: 38/38 MP: 11/11
  3315 | D:4      | Noticed Edmund
  3325 | D:4      | Mangled by Edmund

Illustrated notes

Levels and vault maps discovered:
D:1:      lemuel_arrival_lava_pool, layout_basic, serial_shops, shop_statue
D:2:      layout_basic, shapermc_ecumenical_altar_mp_ritualfount,
          minmay_tree_intersection, nicolae_wormholes
D:3:      layout_rooms, vehumet_crystals, lemuel_tele_altar,
          supply_closet_lemuel
D:4:      layout_loops_ring, elyvilon_altar_5,
          mainiacjoe_overflow_small_starburst, serial_shops,
          nicolae_shop_advertising_works [nicolae_subvault_shop_adworks],
          uniq_edmund

Skill      XL: |  1  2  3  4 |
---------------+-------------+-----
Conjurations   | 1 2 |  2.0
Dodging        | 2 |  2.5
Spellcasting   | 2 |  2.4
Armour         | 1 |  1.5
Air Magic      | 3 |  3.3
Axes           | 1 |  1.3
Short Blades   | |  0.1
Stealth        | |  1.7

Action                   |  1- 3 |  4- 6 || total
-------------------------+-------+-------++-------
Melee: Short sword       |    11 |       ||    11
       Battleaxe         |    28 |    10 ||    38
 Cast: Shock             |    79 |    95 ||   174
  Use: Scroll            |       |     8 ||     8
       Potion            |       |     5 ||     5
Armor: Robe              |     4 |       ||     4
       Ring mail         |    19 |     8 ||    27
Dodge: Dodged            |    33 |     9 ||    42

Table legend: (Time is in decaauts)
 A = Elapsed time spent in this place.
 B = Non-inter-level travel time spent in this place.
 C = Inter-level travel time spent in this place.
 D = Time resting spent in this place.
 E = Time spent auto-exploring this place.
 F = Levels seen in this place.
 G = Mean time per level.
                   A        B        C        D        E       F      G
               +--------+--------+--------+--------+--------+-----+--------+
         Total |   3347 |   3255 |     92 |     16 |   2784 |   4 |  836.8 |
       Dungeon |   3347 |   3255 |     92 |     16 |   2784 |   4 |  836.8 |
               +--------+--------+--------+--------+--------+-----+--------+

Top non-repeatable levels by time:
     D:2: 1425 daAuts
     D:1: 926 daAuts
     D:3: 745 daAuts
     D:4: 250 daAuts
